 Dungeon Crawl Stone Soup version 0.17-a0-1625-g47e540b (webtiles) character file.

37968 HEYYEYAAE the Nimble (level 13, 0/71 HPs)
             Began as a Spriggan Transmuter on Aug 1, 2015.
             Was the Champion of Qazlal.
             Killed by divine providence
             ... invoked by a deep elf priest
              (10 damage)
             ... on level 1 of the Elven Halls on Aug 2, 2015.
             The game lasted 01:06:55 (23033 turns).

HEYYEYAAE the Nimble (Spriggan Transmuter)         Turns: 23033, Time: 01:06:55

Health: 0/71       AC:  5    Str: 10    XL:     13   Next: 61%
Magic:  34/36      EV: 30    Int: 16    God:    Qazlal [******]
Gold:   8          SH:  8    Dex: 16    Spells: 8 memorised, 6 levels left

rFire  + . .     SeeInvis +       - Unarmed
rCold  + . .     Clarity  .     C - +2 robe {rC+ rF+}
rNeg   . . .     SustAt   .     (shield currently unavailable)
rPois  .         Gourm    .     (helmet restricted)
rElec  .         Spirit   .     F - +0 cloak
rCorr  .         Warding  .     (gloves unavailable)
rMut   +         Stasis   .     (boots unavailable)
MR     ++...                    E - amulet of resist mutation
Stlth  +.........               b - ring of magical power
                                u - ring of wizardry

@: blade hands, repel missiles, very quick, very resistant to hostile
enchantments, very unstealthy
A: unfitting armour, see invisible, herbivore 3, speed 3, slow metabolism 2
a: End Transformation, Upheaval, Elemental Force, Disaster Area, Renounce
Religion


You were on level 1 of the Elven Halls.
You worshipped Qazlal.
Qazlal was exalted by your worship.
You were not hungry.
You had blades for hands.
You visited 4 branches of the dungeon, and saw 17 of its levels.
You also visited: Bailey and Ice Cave.

You collected 2292 gold pieces.
You spent 2284 gold pieces at shops.

Inventory:

Hand weapons
 h - a +3 short sword of venom (melded)
 A - the +8 dagger of Immorality {pierce, +Inv rC+ MP+9 Dex-4}
   (You found it in an ice cave)

   It inflicts extra damage upon your enemies.
   It affects your dexterity (-4).
   It protects you from cold.
   It affects your magic capacity (+9).
   It lets you turn invisible.
Missiles
 K - 138 arrows
 T - 2 arrows of flame
Armour
 e - a +0 robe of cold resistance
 x - a +2 robe of positive energy
 C - a +2 robe of resistance (worn)
 F - a +0 cloak (worn)
 P - a +1 robe of the Archmagi
 Q - a +2 robe
 R - a +1 robe of the Archmagi
 S - a +1 robe of magic resistance
 U - a +1 buckler of positive energy (melded)
Jewellery
 b - a ring of magical power (right scythe-like blade)
 u - a ring of wizardry (left scythe-like blade)
 E - an amulet of resist mutation (around neck)
Magical devices
 f - a wand of disintegration (0)
 m - a wand of digging (14)
 p - a wand of cold (0)
 q - a wand of cold (1)
 s - a wand of digging (3)
 z - a wand of draining (0)
Scrolls
 a - a scroll of immolation
 g - 3 scrolls of enchant armour
 i - 2 scrolls of teleportation
 l - 3 scrolls of amnesia
 r - a scroll of fog
 t - a scroll of random uselessness {unknown}
 v - 2 scrolls of blinking
 w - 2 scrolls of remove curse {unknown}
 y - a scroll of fear {unknown}
 D - 4 scrolls of magic mapping
 H - a scroll of recharging
 N - a scroll of acquirement {unknown}
Potions
 j - 7 potions of curing
 k - a potion of mutation
 n - 2 potions of brilliance
 G - a potion of berserk rage
 J - a potion of invisibility
 L - 2 potions of cure mutation
 M - a potion of haste
Books
 c - a book of Changes

   Spells                             Type                      Level
   a - Beastly Appendage              Transmutation                1
   b - Sticks to Snakes               Transmutation                2
   c - Spider Form                    Transmutation/Poison         3
   d - Ice Form                       Ice/Transmutation            4
   e - Blade Hands                    Transmutation                5
 o - the Collected Works on Cold
   (You found it in an ice cave)

   Spells                             Type                      Level
   a - Ozocubu's Armour               Charms/Ice                   3
   b - Summon Ice Beast               Ice/Summoning                4
   c - Metabolic Englaciation         Hexes/Ice                    5
   d - Freezing Cloud                 Conjuration/Ice/Air          6
   e - Ozocubu's Refrigeration        Ice                          6
   f - Simulacrum                     Ice/Necromancy               6
 B - a book of Ice

   Spells                             Type                      Level
   a - Ice Form                       Ice/Transmutation            4
   b - Metabolic Englaciation         Hexes/Ice                    5
   c - Ozocubu's Refrigeration        Ice                          6
   d - Bolt of Cold                   Conjuration/Ice              6
   e - Freezing Cloud                 Conjuration/Ice/Air          6
   f - Simulacrum                     Ice/Necromancy               6
 I - a book of Party Tricks

   Spells                             Type                      Level
   a - Summon Butterflies             Summoning                    1
   b - Apportation                    Translocation                1
   c - Tukima's Dance                 Hexes                        3
   d - Alistair's Intoxication        Transmutation/Poison         4
   e - Invisibility                   Hexes                        6
 O - a book of Spatial Translocations

   Spells                             Type                      Level
   a - Apportation                    Translocation                1
   b - Blink                          Translocation                2
   c - Shroud of Golubria             Charms/Translocation         2
   d - Portal Projectile              Translocation                3
   e - Teleport Other                 Translocation                3
   f - Passage of Golubria            Translocation                4
Comestibles
 d - 2 bread rations
 V - 3 fruits


   Skills:
 * Level 9.6 Fighting
 * Level 14.9 Dodging
 * Level 8.7 Unarmed Combat
 + Level 9.8 Spellcasting
 + Level 1.7 Hexes
 + Level 1.9 Translocations
 + Level 12.4 Transmutations
 * Level 3.4 Invocations
 + Level 10.2 Evocations


You had 6 spell levels left.
You knew the following spells:

 Your Spells              Type           Power        Failure   Level  Hunger
a - Beastly Appendage     Trmt           #####.       2%          1    None
b - Sticks to Snakes      Trmt           #####.....   3%          2    None
c - Spider Form           Trmt/Pois      ####......   9%          3    None
d - Blade Hands           Trmt           #####.....   9%          5    #####..
e - Ice Form              Ice/Trmt       ####....     21%         4    ###....
f - Blink                 Tloc           N/A          21%         2    None
g - Shroud of Golubria    Chrm/Tloc      ##........   22%         2    None
h - Invisibility          Hex            ##......     100%        6    ######.


Dungeon Overview and Level Annotations

Branches:
Dungeon (11/15)            Temple (1/1) D:4            Lair (0/8) D:9
    Orc (4/4) D:11            Elf (1/3) Orc:4

Altars:
Ashenzari
Cheibriados
Dithmenos
Elyvilon
Fedhas
Gozag
Kikubaaqudgha
Makhleb
Nemelex Xobeh
Okawaru
Qazlal
Ru
Sif Muna
Trog
Vehumet
Xom
Yredelemnul
Zin
The Shining One
Beogh

Shops:
D:4 }   D:5 *(=   Orc:4 :((*[   Elf:1 *

Annotations:
D:10 Maud


Innate Abilities, Weirdness & Mutations

You are tiny and cannot use many weapons and most armour.
You have supernaturally acute eyesight.
You are a herbivore.
You cover ground extremely quickly.
You need consume almost no food.


Message History

You completely miss the deep elf fighter.
The deep elf fighter is moderately wounded.
The deep elf fighter mumbles some strange words.
The deep elf fighter blinks!
The deep elf priest utters a dark prayer and points at you.
Your life force is offered up.
The deep elf fighter is healed.
A deep elf fighter comes into view. It is wielding a short sword.
Casting: Blade Hands
Confirm with . or Enter, or press ? or * to list all spells.
You create some snakes!
The deep elf priest mumbles some strange prayers to its god against you.
Something smites you!
* * * LOW HITPOINT WARNING * * *
The deep elf priest wields a shortbow.
The deep elf priest shoots an arrow of dispersal.
The arrow of dispersal hits your adder but does no damage.
You swap places.
The deep elf priest mumbles some strange prayers to its god against you.
Something smites you!
You die...

#..######..#
#......##..#
#..###§.#..#
#####..#$#..#..#
.......###§§.§.#
.......)...§##.#
#########...##.#
######.#######...


#.S@SSeee.e. ############ You could see 2 deep elf priests, 2 deep elf fighters
and 3 friendly adders.

Vanquished Creatures
  A frost giant (IceCv)
  3 orc high priests (Orc:4)
  Urug (D:11)
  2 death yaks (IceCv)
  4 deep elf knights (Elf:1)
  A hill giant (D:10)
  An unseen horror (D:11)
  3 orc knights
  7 orc sorcerers
  A cyclops (D:11)
  An elephant (D:9)
  A deep elf conjurer (Elf:1)
  Maurice (D:8)
  A kobold demonologist (D:9)
  A gargoyle (D:10)
  3 deep elf priests (Elf:1)
  2 trolls (D:10)
  12 polar bears (IceCv)
  A two-headed ogre (Orc:2)
  A wyvern (D:8)
  9 deep elf magi (Elf:1)
  8 deep elf fighters (Elf:1)
  29 yaks
  2 wargs
  10 wolves (IceCv)
  2 ice beasts
  5 sky beasts
  38 orc warriors
  A necrophage (D:10)
  6 centaurs
  2 phantoms
  An eye of draining (D:9)
  6 ogres
  2 crocodiles (D:9)
  A wyvern zombie (D:6)
  4 giant frogs
  3 scorpions
  3 killer bees (D:7)
  5 hounds
  9 wights
  8 crimson imps
  32 orc priests
  7 jellies
  A giant frog zombie (D:5)
  2 centaur skeletons
  37 orc wizards
  A giant frog skeleton (D:8)
  2 iguanas
  2 quasits
  3 worker ants
  A hound zombie (D:6)
  A hound skeleton (D:9)
  2 worker ant zombies
  6 gnolls
  15 adders
  4 shadow imps
  9 white imps (Orc:1)
  7 oozes
  2 adder skeletons
  3 worms
  2 giant geckos
  212 orcs
  3 ball pythons
  9 giant cockroaches
  9 hobgoblins
  5 quokkas
  8 bats
  11 giant newts
  9 goblins
  8 jackals
  A jackal zombie (D:6)
  13 kobolds
  8 rats
637 creatures vanquished.

Vanquished Creatures (collateral kills)
  An orc warlord (Orc:4)
  An orc knight (Orc:4)
  2 ogres
  4 orc warriors
  A wight (D:8)
  2 orc priests (Orc:4)
  An iguana (D:4)
  3 orc wizards (Orc:4)
  A worker ant (D:5)
  An adder (D:3)
  3 white imps (Orc:1)
  An adder skeleton (D:5)
  A worm (D:4)
  18 orcs
  A hobgoblin (D:1)
  A quokka (D:6)
  A bat (D:2)
  A giant gecko (D:5)
  3 kobolds
47 creatures vanquished.

Vanquished Creatures (others)
  3 polar bears (IceCv)
  2 yaks (IceCv)
  A wolf (IceCv)
  An orc wizard (Orc:4)
7 creatures vanquished.

Grand Total: 691 creatures vanquished

Notes
Turn   | Place    | Note
--------------------------------------------------------------
     0 | D:1      | HEYYEYAAE the Spriggan Transmuter began the quest for the Orb.
     0 | D:1      | Reached XP level 1. HP: 9/9 MP: 5/5
   788 | D:2      | Reached XP level 2. HP: 9/14 MP: 7/7
   799 | D:2      | Learned a level 2 spell: Sticks to Snakes
  1010 | D:1      | Reached skill level 1 in Fighting
  1515 | D:2      | Reached XP level 3. HP: 10/18 MP: 4/8
  1740 | D:2      | Learned a level 3 spell: Spider Form
  2263 | D:2      | Reached XP level 4. HP: 18/22 MP: 3/10
  3062 | D:3      | Reached skill level 4 in Dodging
  3654 | D:3      | Reached XP level 5. HP: 19/26 MP: 8/11
  4894 | D:4      | Noticed a phantom
  5006 | D:4      | Found Wuulett's Gadget Shop.
  5052 | D:4      | Reached XP level 6. HP: 27/32 MP: 2/13
  5088 | D:5      | Entered Level 5 of the Dungeon
  5184 | D:5      | Reached skill level 5 in Transmutations
  5356 | D:5      | Found Esutonal's Jewellery Shop.
  5408 | D:5      | Reached skill level 5 in Dodging
  5564 | D:5      | Found Keegreon's Antique Weapon Shop.
  5581 | D:5      | Reached skill level 1 in Evocations
  5795 | D:5      | Found Nuirhuav's Assorted Antiques.
  6126 | D:5      | Reached XP level 7. HP: 36/36 MP: 14/14
  6509 | D:4      | Killed a phantom
  6706 | D:4      | Found a staircase to the Ecumenical Temple.
  6715 | Temple   | Entered the Ecumenical Temple
  6771 | Temple   | Became a worshipper of Qazlal Stormbringer
  6902 | D:5      | Reached skill level 6 in Dodging
  7323 | D:6      | Learned a level 5 spell: Blade Hands
  7328 | D:6      | Learned a level 4 spell: Ice Form
  7711 | D:7      | Reached XP level 8. HP: 31/42 MP: 14/16
  7717 | D:7      | Reached skill level 5 in Spellcasting
  8042 | D:7      | Acquired Qazlal's first power
  8070 | D:7      | Found a shimmering altar of Xom.
  8138 | D:7      | Reached skill level 7 in Dodging
  8641 | D:7      | Found a bloodstained altar of Trog.
  8644 | D:7      | Found a snail-covered altar of Cheibriados.
  8784 | D:7      | Found a glowing silver altar of Zin.
  8786 | D:7      | Found a shattered altar of Ashenzari.
  8787 | D:7      | Found a shadowy altar of Dithmenos.
  8848 | D:7      | Found a blossoming altar of Fedhas.
  8964 | D:9      | Acquired Qazlal's second power
  8971 | D:9      | Reached XP level 9. HP: 39/46 MP: 14/18
  9047 | D:9      | Reached skill level 8 in Dodging
  9080 | D:9      | Reached skill level 5 in Evocations
  9205 | D:9      | Noticed an elephant
  9223 | D:9      | Killed an elephant
  9223 | D:9      | Reached skill level 5 in Fighting
  9243 | D:9      | Found a staircase to the Lair.
  9251 | D:9      | Noticed a kobold demonologist
  9265 | D:9      | Killed a kobold demonologist
  9409 | D:9      | Reached skill level 9 in Dodging
  9686 | D:9      | Found a bloodstained altar of Trog.
 10276 | D:10     | Entered Level 10 of the Dungeon
 10420 | D:10     | Noticed a gargoyle
 10428 | D:10     | Killed a gargoyle
 10428 | D:10     | Reached XP level 10. HP: 6/53 MP: 15/20
 10799 | D:10     | Acquired Qazlal's third power
 10804 | D:10     | Reached skill level 10 in Dodging
 11242 | D:10     | Found an iron altar of Okawaru.
 11244 | D:10     | Noticed a hill giant
 11266 | D:10     | Killed a hill giant
 11266 | D:10     | Reached skill level 5 in Unarmed Combat
 11266 | D:10     | Reached skill level 10 in Transmutations
 11330 | D:10     | Noticed Maud
 11797 | D:8      | Noticed Maurice
 11810 | D:8      | Killed Maurice
 12260 | D:10     | Reached skill level 11 in Dodging
 12656 | D:6      | Acquired Qazlal's fourth power
 12708 | D:6      | Reached XP level 11. HP: 51/57 MP: 14/23
 13075 | D:5      | Bought a glowing robe for 14 gold pieces
 13125 | D:5      | Bought an uncursed ring of magical power for 220 gold pieces
 13234 | D:11     | Noticed Urug
 13255 | D:11     | Killed Urug
 14078 | D:11     | Noticed an unseen horror
 14088 | D:11     | Killed an unseen horror
 14185 | D:11     | Found a staircase to the Orcish Mines.
 14194 | Orc:1    | Entered Level 1 of the Orcish Mines
 14271 | Orc:1    | Acquired Qazlal's fifth power
 14278 | Orc:1    | Found a frozen archway.
 14303 | IceCv    | Entered an ice cave
 14315 | IceCv    | Reached skill level 12 in Dodging
 14911 | IceCv    | Noticed a death yak
 15044 | IceCv    | Killed a death yak
 15044 | IceCv    | Reached XP level 12. HP: 45/64 MP: 25/25
 15478 | IceCv    | Reached skill level 13 in Dodging
 15641 | IceCv    | Noticed a death yak
 15673 | IceCv    | Killed a death yak
 15847 | IceCv    | Noticed a frost giant
 15865 | IceCv    | Killed a frost giant
 15891 | IceCv    | Identified the Collected Works on Cold
 15934 | IceCv    | Got a faintly glowing dagger
 16238 | Orc:1    | Identified the +8 dagger of Immorality {pierce, +Inv rC+ MP+9 Dex-4} (You found it in an ice cave)
 16268 | Orc:2    | Found a flagged portal.
 16328 | Bailey   | Entered a bailey
 17057 | Orc:2    | Found a roughly hewn altar of Beogh.
 18561 | Orc:4    | Entered Level 4 of the Orcish Mines
 18609 | Orc:4    | Found a staircase to the Elven Halls.
 18703 | Orc:4    | Reached skill level 14 in Dodging
 18745 | Orc:4    | Upgraded the game from 0.17-a0-1617-gfba1302 to 0.17-a0-1625-g47e540b
 19016 | Orc:4    | Found Atoem's Weapon Boutique.
 19391 | Orc:4    | Noticed an orc warlord
 19664 | Orc:4    | Killed an orc warlord
 19757 | Orc:4    | Reached XP level 13. HP: 58/70 MP: 27/27
 19767 | Orc:4    | Paralysed by an orc sorcerer for 7 turns
 20481 | Orc:4    | Reached skill level 1 in Invocations
 20620 | Elf:1    | Entered Level 1 of the Elven Halls
 21266 | Orc:4    | Found Exoghoi's Antique Armour Shoppe.
 21267 | Orc:4    | Found Emugan's Antique Weapon Shoppe.
 21268 | Orc:4    | Found Lasisoczo's General Store.
 21268 | Orc:4    | Found Wuimuu's Book Emporium.
 21274 | Orc:4    | Bought a glowing robe for 20 gold pieces
 21284 | Orc:4    | Bought a scroll of identify for 28 gold pieces
 21284 | Orc:4    | Bought 14 arrows for 39 gold pieces
 21284 | Orc:4    | Bought 20 arrows for 56 gold pieces
 21286 | Orc:4    | Bought a potion of curing for 42 gold pieces
 21290 | Orc:4    | Bought a book of Party Tricks for 750 gold pieces
 21290 | Orc:4    | Bought a book of Spatial Translocations for 975 gold pieces
 21295 | Orc:4    | Learned a level 2 spell: Blink
 21298 | Orc:4    | Learned a level 2 spell: Shroud of Golubria
 21305 | Orc:4    | Learned a level 6 spell: Invisibility
 21917 | Elf:1    | Reached skill level 10 in Evocations
 21971 | Elf:1    | Reached skill level 1 in Translocations
 22331 | Elf:1    | Reached skill level 1 in Hexes
 22384 | Elf:1    | HP: 3/70 [deep elf conjurer/bolt of fire (21)]
 22976 | Elf:1    | Found Binuxt's General Store.
 22984 | Elf:1    | Bought a potion of curing for 30 gold pieces
 22984 | Elf:1    | Bought 3 fruits for 45 gold pieces
 22984 | Elf:1    | Bought a scroll of teleportation for 30 gold pieces
 22984 | Elf:1    | Bought a scroll of magic mapping for 35 gold pieces
 23033 | Elf:1    | Killed from afar by a deep elf priest

Vault maps used:
D:1:      saegor_arrival_simple_e, minmay_misc_feat_alley
D:4:      minmay_temple_entry_poolview, first_bread, serial_shops, shop
D:5:      serial_shops, kennysheep_mini, nicolae_shop_waterfront, shop
D:7:      grunt_temple_overflow_open, minitemple
D:8:      hangedman_little_slice_of_home, uniq_maurice
D:9:      david_lair_generic, trog_hazing_becter
D:10:     okawaru_ov_weapons_minmay, uniq_maud
D:11:     hiddenorc1_lemuel, uniq_urug
Temple:   circular_temple_12
Orc:1:    portal_ice_cave_entry_imps
Orc:2:    nicolae_orc_accident_2, enter_bailey_8
Orc:3:    nicolae_orc_pool_cavern
Orc:4:    st_orc_congregation, serial_shops, nicolae_shop_statue_plus
Elf:1:    lemuel_ice_statue, serial_shops, shop, orc_legates, item_on_display_a,
          grunt_megastairs_2
Bailey:   bailey_polearm_5, bailey
IceCv:    ice_cave_caverns_03

Action                   |  1- 3 |  4- 6 |  7- 9 | 10-12 | 13-15 || total
-------------------------+-------+-------+-------+-------+-------++-------
Melee: Short sword       |    82 |   172 |   133 |    66 |     1 ||   454
       Unarmed           |    12 |    42 |   248 |   861 |   243 ||  1406
 Cast: Beastly Appendage |    10 |     4 |       |       |       ||    14
       Sticks to Snakes  |     9 |    42 |    43 |    47 |    13 ||   154
       Spider Form       |     4 |    10 |    18 |     1 |       ||    33
       Blade Hands       |       |       |    10 |    85 |    30 ||   125
Invok: Upheaval          |       |       |       |     2 |       ||     2
       Elemental Force   |       |       |       |     6 |       ||     6
       Disaster Area     |       |       |       |     2 |       ||     2
 Abil: End Transformatio |       |       |       |     1 |     1 ||     2
Evoke: Wand              |       |    11 |    20 |    24 |     4 ||    59
  Use: Scroll            |       |     3 |     3 |    14 |     1 ||    21
       Potion            |       |       |     6 |     8 |     1 ||    15
 Stab: Sleeping          |     2 |     6 |       |       |       ||     8
       Distracted        |       |     1 |     1 |     1 |       ||     3
       Fleeing           |       |       |       |     1 |       ||     1
       Invisible         |       |       |       |     1 |       ||     1
  Eat: Fruit             |       |     2 |       |       |       ||     2
       Pizza             |       |     1 |     1 |       |       ||     2
       Bread ration      |       |     1 |     1 |     3 |     2 ||     7
       Royal jelly       |       |       |       |    10 |       ||    10
